 Dungeon Crawl Stone Soup version 0.21-a0-150-gc243083 (webtiles) character file.

915 Llamajah the Chopper (level 8, -4/62 HPs)
             Began as a Formicid Fighter on July 28, 2017.
             Was an Initiate of Okawaru.
             Slain by a gnoll
             ... wielding a +1 spear of distortion
              (5 damage)
             ... on level 5 of the Dungeon.
             The game lasted 00:11:47 (3706 turns).

Llamajah the Chopper (Formicid Fighter)             Turns: 3706, Time: 00:11:47

Health: -4/62      AC:  9    Str: 26    XL:     8   Next: 30%
Magic:  8/8        EV:  8    Int:  8    God:    Okawaru [......]
Gold:   161        SH: 10    Dex: 12    Spells: 7/7 levels left

rFire    . . .     SeeInvis +   a - +0 war axe
rCold    . . .     Gourm    +   c - +0 shield
rNeg     . . .     Faith    .   C - +0 chain mail
rPois    +         Spirit   .   (helmet unavailable)
rElec    .         Reflect  .   (no cloak)
rCorr    .         Harm     .   (no gloves)
MR       .....                  (no boots)
Stlth    ..........             m - amulet of the gourmand
HPRegen  0.20/turn              A - ring of poison resistance
MPRegen  0.11/turn              (no ring)

@: mighty
A: permanent stasis, dig shafts and tunnels, four strong arms, antennae 3
a: Dig, Shaft Self, Renounce Religion


You were on level 5 of the Dungeon.
You worshipped Okawaru.
Okawaru was noncommittal.
You were completely stuffed.

You visited 2 branches of the dungeon, and saw 6 of its levels.
You also visited: Sewer.

You collected 161 gold pieces.

Inventory:

Hand Weapons
 a - a +0 war axe (weapon)
 o - a +0 hunting sling
Armour
 c - a +0 shield (worn)
 C - a +0 chain mail (worn)
Jewellery
 m - an amulet of the gourmand (around neck)
 p - an uncursed amulet of guardian spirit
 A - a ring of poison resistance (left hand)
Scrolls
 j - 3 scrolls of enchant armour {unknown}
 k - a scroll of blinking {unknown}
 n - a scroll of recharging {unknown}
 q - 3 scrolls of remove curse {unknown}
 s - 3 scrolls of identify {unknown}
 u - a scroll of magic mapping {unknown}
 v - a scroll of enchant weapon {unknown}
 x - a scroll of fog {unknown}
 y - a scroll of teleportation {unknown}
 B - a scroll of immolation {unknown}
Potions
 d - 4 potions of might
 e - a potion of lignification {unknown}
 h - a potion of flight {unknown}
 l - 3 potions of brilliance {unknown}
 r - 6 potions of heal wounds {unknown}
 t - a potion of haste {unknown}
 w - a potion of agility {unknown}
Comestibles
 f - 4 bread rations
 g - 7 meat rations


   Skills:
 + Level 5.0 Fighting
 * Level 5.2 Axes
 + Level 3.3 Slings
 + Level 5.2 Armour
 + Level 2.4 Dodging
 + Level 5.2 Shields


You had 7 spell levels left.
You didn't know any spells.

Dungeon Overview and Level Annotations

Branches:
Dungeon (5/15)             Temple (1/1) D:4

Altars:
Elyvilon
Gozag
Hepliaklqana
Kikubaaqudgha
Makhleb
Nemelex Xobeh
Okawaru
Qazlal
Sif Muna
Trog
Uskayaw
Wu Jian
Xom
Zin


Innate Abilities, Weirdness & Mutations

You cannot be hasted, slowed, berserked, paralysed or teleported.
You can dig through walls and to a lower floor.
Your four strong arms can wield two-handed weapons with a shield.
You have a pair of large antennae on your head. (SInv)


Message History

You are too injured to fight recklessly!
You are too injured to fight recklessly!
You feel better. The gnoll hits you with a flail. You block the gnoll's attack.
You feel better. The gnoll hits you with a flail!
The gnoll hits you from afar with a spear of distortion.
Space bends around you.
* * * LOW HITPOINT WARNING * * *
You feel very mighty all of a sudden. You block the gnoll's attack.
The gnoll hits you with a flail!
* * * LOW HITPOINT WARNING * * *
You barely miss the gnoll.
The gnoll is heavily wounded.
The gnoll completely misses you. The gnoll closely misses you.
The gnoll hits you but does no damage. Space warps horribly around you!
* * * LOW HITPOINT WARNING * * *
You slash the gnoll!
You kill the gnoll!
Okawaru accepts your kill. The gnoll hits you but does no damage.
Space bends around you.
You die...

##### #### ##.... ..#
#..... # #.# #..[.. #.
#.# #.#### #.# #@#######
#.#... ...#)#.....#
#.....
#.###{#g#.....#######...
#...g...+.....'.....'...
#######.#.....#######...
.(........>.............
######################.#
#.# ######.#


You could see a gnoll.

Vanquished Creatures
  8 big kobolds (Sewer)
  A howler monkey (D:5)
  An orc wizard (D:4)
  2 orc priests (D:4)
  A worker ant (D:4)
  A gnoll (D:5)
  6 adders
  A shadow imp (D:5)
  An ooze (Sewer)
  3 worms
  3 dart slugs
  3 leopard geckos
  11 orcs
  6 giant cockroaches
  8 goblins
  4 hobgoblins
  12 jackals
  5 quokkas
  2 ball pythons
  9 bats
  5 frilled lizards
  12 kobolds
  2 leopard gecko skeletons (D:4)
  7 rats
  A fungus (Sewer)
115 creatures vanquished.

Notes
Turn   | Place    | Note
-------+----------+-------------------------------------------
     0 | D:1      | Llamajah the Formicid Fighter began the quest for the Orb.
     0 | D:1      | Reached XP level 1. HP: 18/18 MP: 1/1
    39 | D:1      | Found a sparkling altar of Nemelex Xobeh.
   145 | D:1      | Reached XP level 2. HP: 24/24 MP: 2/2
   722 | D:2      | Reached XP level 3. HP: 28/29 MP: 3/3
  1141 | D:2      | Reached skill level 1 in Slings
  1141 | D:2      | Reached XP level 4. HP: 29/35 MP: 2/4
  1208 | D:2      | Reached skill level 1 in Dodging
  1259 | D:2      | Found a white marble altar of Elyvilon.
  1260 | D:2      | Found a shimmering altar of Xom.
  1329 | D:2      | Found an ornate altar of the Wu Jian Council.
  1550 | D:3      | Found a glowing drain.
  1567 | D:3      | Reached XP level 5. HP: 31/42 MP: 5/5
  1586 | Sewer    | Entered a sewer
  1651 | Sewer    | Noticed a big kobold
  1671 | Sewer    | Killed a big kobold
  1950 | Sewer    | Noticed a big kobold
  1950 | Sewer    | Noticed a big kobold
  1950 | Sewer    | Noticed a big kobold
  1957 | Sewer    | Killed a big kobold
  1957 | Sewer    | Reached XP level 6. HP: 39/48 MP: 6/6
  1962 | Sewer    | Reached XP level 7. HP: 43/55 MP: 7/7
  2328 | D:3      | Reached skill level 5 in Shields
  2515 | D:3      | Found a sparkling altar of Nemelex Xobeh.
  2706 | D:3      | Reached XP level 8. HP: 61/61 MP: 8/8
  2970 | D:4      | Reached skill level 5 in Axes
  3235 | D:4      | Reached skill level 5 in Armour
  3342 | D:4      | Found a staircase to the Ecumenical Temple.
  3368 | Temple   | Entered the Ecumenical Temple
  3393 | Temple   | Became a worshipper of Warmaster Okawaru
  3492 | D:5      | Entered Level 5 of the Dungeon
  3537 | D:5      | Reached skill level 5 in Fighting
  3656 | D:5      | Found a deep blue altar of Sif Muna.
  3705 | D:5      | HP: 1/62 [gnoll/spear of distortion (6)]
  3706 | D:5      | Slain by a gnoll

Vault maps used:
D:1:      dpeg_arrival_court, nemelex_diamond_rough_becter
D:2:      nicolae_overflow_crystal_walls, gammafunk_temple_overflow_pools,
          first_bread
D:3:      nicolae_overflow_hidden_temple, cheibrodos_sewer_entry_drain
D:4:      minmay_temple_entry_junction_2
D:5:      tso_altar, lemuel_blue_sif_altar
Temple:   nicolae_temple_x_marks_the_god
Sewer:    kennysheep_pipe_town

Skill      XL: |  1  2  3  4  5  6  7  8 |
---------------+-------------------------+-----
Slings         | 1 2 3 |  3.3
Dodging        | 1 2 |  2.4
Axes           | 3 4 5 |  5.2
Fighting       | 4 5 |  5.0
Armour         | 4 5 |  5.2
Shields        | 4 5 |  5.2

Action                   |  1- 3 |  4- 6 |  7- 9 || total
-------------------------+-------+-------+-------++-------
Melee: War axe           |   117 |   147 |   161 ||   425
 Abil: Dig               |       |       |     3 ||     3
  Use: Potion            |     1 |     3 |     3 ||     7
  Eat: Chunk             |     1 |    16 |     7 ||    24
Armor: Scale mail        |    62 |    88 |    40 ||   190
       Chain mail        |       |       |    15 ||    15
Dodge: Dodged            |    47 |    69 |    51 ||   167
Block: Shield            |    77 |   106 |    89 ||   272
